 Dungeon Crawl Stone Soup version 0.27-a0-668-gb5737ff2c0 (webtiles) character file.

Game seed: 1032126748906459898

586 jestyr24 the Covered (level 7, -2/61 HPs)
             Began as a Minotaur Fighter on Mar 17, 2021.
             Killed from afar by an orc priest (21 damage)
             ... with a bolt of acid
             ... on level 5 of the Dungeon on Mar 18, 2021.
             The game lasted 00:17:15 (4832 turns).

jestyr24 the Covered (Minotaur Fighter)             Turns: 4832, Time: 00:17:16

Health: -2/61      AC: 10    Str: 23    XL:     7   Next: 15%
Magic:  0/6        EV:  7    Int:  5    God:
Gold:   242        SH: 10    Dex:  9    Spells: 6/6 levels left

rFire    . . .     SeeInvis .   a - +0 long sword
rCold    . . .     Faith    .   c - +0 kite shield
rNeg     . . .     Spirit   +   n - +0 chain mail
rPois    .         Reflect  .   (helmet restricted)
rElec    .         Harm     .   (no cloak)
rCorr    .         Rampage  .   (no gloves)
Will     .....                  (no boots)
Stlth    ..........             g - amulet of guardian spirit
HPRegen  0.20/turn              (no ring)
MPRegen  0.10/turn              (no ring)

@: no status effects
A: horns 2, retaliatory headbutt
a: no special abilities


You were on level 5 of the Dungeon.
You visited 1 branch of the dungeon, and saw 5 of its levels.

You collected 242 gold pieces.

Inventory:

Hand Weapons
 a - a +0 long sword (weapon)
Missiles
 v - 9 boomerangs (quivered)
 x - 17 poisoned darts
Armour
 c - a +0 kite shield (worn)
 n - a +0 chain mail (worn)
 w - a +2 robe of resistance
Magical Staves
 u - a staff of fire
Jewellery
 g - an amulet of guardian spirit (around neck)
Scrolls
 f - a scroll of blinking
 m - 5 scrolls of identify
 p - a scroll of summoning {unknown}
 q - 2 scrolls of teleportation {unknown}
 r - 2 scrolls of random uselessness {unknown}
 s - a scroll of fog {unknown}
Potions
 b - a potion of berserk rage {unknown}
 d - a potion of might
 e - a potion of haste {unknown}
 h - 2 potions of heal wounds {unknown}
 i - a potion of flight
 j - a potion of brilliance {unknown}
 k - 2 potions of resistance {unknown}
 l - a potion of cancellation {unknown}
 o - a potion of attraction {unknown}
 t - a potion of curing {unknown}


   Skills:
 + Level 5.4 Fighting
 - Level 2.4 Long Blades
 + Level 6.8 Armour
 + Level 2.3 Dodging
 + Level 6.2 Shields


You had 6 spell levels left.
You didn't know any spells.
Your spell library was empty.

Dungeon Overview and Level Annotations

Branches:
Dungeon (5/15)
 Temple: D:4-7

Altars:
Fedhas
Okawaru
The Shining One

Shops:
D:1 *


Innate Abilities, Weirdness & Mutations

You have a pair of horns on your head.
You reflexively headbutt those who attack you in melee.


Message History

You open the door.
There is an open door here.
An orc comes into view. It is wielding a +0 flail.
The orc shouts!
An orc priest comes into view.
It is wielding a +0 whip and carrying a wand of acid (7).
An orc comes into view. It is wielding a +0 dagger.
An orc wizard comes into view. It is wielding a +0 dagger.
The orc shouts!
The orc wizard shouts!
An orc comes into view. It is wielding a +0 mace.
There is an escape hatch in the floor here.
Your chain mail prevents you from hitting the orc.
Your headbutt misses the orc.
The orc priest calls down the wrath of Beogh upon you.
Beogh smites you! The orc barely misses you. The orc hits you with a +0 flail.
You closely miss the orc. Your headbutt misses the orc.
You block the orc wizard's attack. You block the orc priest's attack.
The orc hits you but does no damage.
The orc wizard hits you but does no damage.
You hit the orc wizard. You headbutt the orc wizard!
You kill the orc wizard!
The orc priest invokes the aid of Beogh against you.
Pain shoots through your body! The orc hits you with a +0 flail.
You block the orc's attack. The orc priest barely misses you.
You furiously retaliate!
You headbutt the orc priest. The orc hits you but does no damage.
You closely miss the orc priest. Your headbutt misses the orc priest.
The orc priest is moderately wounded.
The orc hits you with a +0 dagger. The orc hits you but does no damage.
The orc priest mumbles some strange prayers to Beogh against you.
Beogh smites you! The orc closely misses you. You furiously retaliate!
You headbutt the orc, but do no damage.
You riposte.
You barely miss the orc. You headbutt the orc.
The orc is moderately wounded.
You block the orc's attack. x2
You closely miss the orc priest.
The orc priest is moderately wounded.
The orc priest zaps a wand.
The bolt of acid misses you.
You block the orc's attack. x3; The orc priest zaps a wand.
The bolt of acid hits you!!
You die...

######)#.......#
#...#.......#
#...'.......#
##..#.......#
#..#.......#
#..'.......#
#..#.......####
####..ooo......
+..>@)......
#....o......
##+#####.... ...
.


You could see an orc priest and 3 orcs.

Vanquished Creatures
  Sigmund (D:2)
  A phantom (D:4)
  2 hounds (D:4)
  2 iguanas (D:4)
  3 orc wizards
  A worker ant (D:5)
  A hound skeleton (D:4)
  2 adders
  A white imp (D:4)
  An adder zombie (D:5)
  2 worms
  5 leopard geckos
  13 orcs
  2 ball pythons
  5 giant cockroaches
  3 goblins (D:1)
  8 hobgoblins
  5 kobolds
  6 bats
  4 frilled lizards
  A jackal skeleton (D:4)
  5 rats
74 creatures vanquished.

Notes
Turn   | Place    | Note
-------+----------+-------------------------------------------
     0 | D:1      | jestyr24 the Minotaur Fighter began the quest for the Orb.
     0 | D:1      | Reached XP level 1. HP: 19/19 MP: 0/0
   387 | D:1      | Reached XP level 2. HP: 25/27 MP: 1/1
   695 | D:1      | Found Siogekil's Assorted Antiques.
  1194 | D:2      | Noticed Sigmund
  1205 | D:2      | Killed Sigmund
  1206 | D:2      | Reached skill level 5 in Armour
  1206 | D:2      | Reached skill level 1 in Dodging
  1206 | D:2      | Reached XP level 3. HP: 25/35 MP: 2/2
  1206 | D:2      | Reached XP level 4. HP: 29/41 MP: 3/3
  1206 | D:2      | Reached XP level 5. HP: 33/47 MP: 4/4
  1359 | D:2      | Found a blossoming altar of Fedhas.
  1362 | D:2      | Found an iron altar of Okawaru.
  1467 | D:2      | Reached skill level 5 in Shields
  3076 | D:4      | Reached XP level 6. HP: 54/55 MP: 5/5
  3180 | D:4      | Reached skill level 5 in Fighting
  3582 | D:4      | Found a glowing golden altar of the Shining One.
  3950 | D:4      | Reached XP level 7. HP: 53/61 MP: 4/6
  4693 | D:5      | Entered Level 5 of the Dungeon
  4832 | D:5      | Killed from afar by an orc priest

Illustrated notes

Levels and vault maps discovered:
D:1:      lightli_arrival_statue_moat, layout_loops_corners, serial_shops, shop,
          hangedman_decor_push, minmay_tiny_reverse_x
D:2:      layout_basic, grunt_temple_overflow_open, uniq_sigmund
D:3:      minmay_chambers_of_twos, layout_basic
D:4:      layout_layer_cave, nicolae_tso_swordbearing_angel, st_stairs_14,
          grunt_tough_drop
D:5:      layout_gridville, cheibriados_altar_1, general_overflow_altar,
          serial_shops, shop, minmay_crystal_water, kennysheep_dice

Skill      XL: |  1  2  3  4  5  6 |
---------------+-------------------+-----
Armour         | 5 6 |  6.8
Fighting       | 4 5 |  5.4
Shields        | 4 5 6 |  6.2
Dodging        | 1 2 |  2.3
Long Blades    | |  2.4

Action                   |  1- 3 |  4- 6 |  7- 9 || total
-------------------------+-------+-------+-------++-------
Melee: Long sword        |    49 |   158 |    30 ||   237
       Headbutt          |     3 |    16 |     7 ||    26
  Use: Scroll            |       |     3 |       ||     3
Armor: Scale mail        |    32 |     1 |       ||    33
       Chain mail        |       |    85 |    14 ||    99
Dodge: Dodged            |    23 |    53 |    16 ||    92
Block: Kite shield       |    30 |   101 |    35 ||   166
       Rpst.: Long sword |     3 |    14 |     4 ||    21

Table legend: (Time is in decaauts)
 A = Elapsed time spent in this place.
 B = Non-inter-level travel time spent in this place.
 C = Inter-level travel time spent in this place.
 D = Time resting spent in this place.
 E = Time spent auto-exploring this place.
 F = Levels seen in this place.
 G = Mean time per level.
                   A        B        C        D        E       F      G
               +--------+--------+--------+--------+--------+-----+--------+
         Total |   4945 |   4818 |    127 |    494 |   3446 |   5 |  989.0 |
       Dungeon |   4945 |   4818 |    127 |    494 |   3446 |   5 |  989.0 |
               +--------+--------+--------+--------+--------+-----+--------+

Top non-repeatable levels by time:
     D:4: 1894 daAuts
     D:1: 1132 daAuts
     D:2: 907 daAuts
     D:3: 858 daAuts
     D:5: 152 daAuts
